 Dungeon Crawl Stone Soup version 0.28-a0-1613-gdaab1c2f9b (webtiles) character file.

Game seed: 6810713643968514178

3780 olmar the Basher (level 10, -8/136 HPs)
             Began as a Gargoyle Fighter on Jan 22, 2022.
             Was a Follower of Okawaru.
             Mangled by an orc wizard (9 damage)
             ... on level 8 of the Dungeon.
             The game lasted 00:14:43 (9092 turns).

olmar the Basher (Gargoyle Fighter)                 Turns: 9092, Time: 00:14:46

Health: -8/136     AC: 25    Str: 23    XL:     10   Next: 16%
Magic:  10/10      EV:  2    Int: 10    God:    Okawaru [*.....]
Gold:   469        SH:  0    Dex:  9    Spells: 9/9 levels left

rFire   + . .      SeeInvis .   a - +1 flail
rCold   . . .      Faith    .   c - +0 buckler
rNeg    + . .      Spirit   .   (armour currently unavailable)
rPois   ∞          Reflect  .   (helmet currently unavailable)
rElec   .          Harm     .   (cloak currently unavailable)
rCorr   .          Rampage  .   (gloves currently unavailable)
Will    .....      NoTele   +   (boots currently unavailable)
Stlth   ..........              (no amulet)
HPRegen 0.32/turn               h - ring of protection from fire
MPRegen 0.12/turn               o - +4 ring of slaying

@: confused, berserking, tree-form, marked, very quick
A: stationary, stasis, torment immunity, boosted hp, sickness immunity, AC +7,
negative energy resistance 1, (electricity resistance), torment resistance 1,
petrification resistance
a: Renounce Religion, Heroism


You were on level 8 of the Dungeon.
You worshipped Okawaru.
Okawaru was aware of your devotion.
You were a tree.
You visited 2 branches of the dungeon, and saw 9 of its levels.
You also visited: Sewer.

You collected 469 gold pieces.

Inventory:

Hand Weapons
 a - a +1 flail (weapon)
Missiles
 m - 2 throwing nets (quivered)
Armour
 b - a +0 scale mail
 c - a +0 buckler (worn)
 g - a +0 chain mail
 j - the +1 cloak of the Shining Light (melded) {Regen+}
   (You acquired it on level 5 of the Dungeon)

   Regen:     It increases your rate of health regeneration.
 l - a +0 plate armour (melded)
 p - a +0 helmet (melded)
 y - a +1 pair of boots (melded)
Jewellery
 d - a +6 ring of dexterity
 h - a ring of protection from fire (left branch)
 o - a +4 ring of slaying (right branch)
 D - a ring of protection from fire
Wands
 k - a wand of charming (4)
 G - a wand of acid (8)
Scrolls
 e - 4 scrolls of identify
 f - 2 scrolls of noise
 i - 2 scrolls of teleportation
 r - a scroll of enchant armour {unknown}
 z - a scroll of blinking {unknown}
 A - a scroll of fog {unknown}
 B - a scroll of fear
 C - a scroll of enchant weapon
 E - a scroll of torment {unknown}
Potions
 n - a potion of degeneration {unknown}
 q - 3 potions of flight
 u - 2 potions of invisibility {unknown}
 v - a potion of berserk rage
 F - 2 potions of attraction {unknown}


   Skills:
 + Level 6.9 Fighting
 + Level 10.3 Maces & Flails
 + Level 0.6 Throwing
 + Level 8.3 Armour
 + Level 6.0 Shields


You had 9 spell levels left.
You didn't know any spells.
Your spell library contained the following spells:

 Spells                   Type           Power      Damage    Failure   Level
 Portal Projectile        Hex/Tloc       0%         N/A       82%         3
 Blade Hands              Tmut           0%         N/A       100%        5
 Excruciating Wounds      Necr           0%         N/A       100%        5


Dungeon Overview and Level Annotations

Branches:
Dungeon (8/15)             Temple (1/1) D:6           Sewer (visited)
   Lair: D:8-11

Altars:
Ashenzari
Cheibriados
Dithmenos
Elyvilon
Fedhas
Gozag
Hepliaklqana
Kikubaaqudgha
Nemelex Xobeh
Okawaru
Qazlal
Ru
Sif Muna
Trog
Uskayaw
Vehumet
Wu Jian
Xom
Yredelemnul
Zin
The Shining One

Shops:
D:1 (

Annotations:
D:8 Harold


Innate Abilities, Weirdness & Mutations

You are a tree.
Your roots penetrate the ground, keeping you stationary.
You cannot be teleported.
You are immune to unholy pain and torment.
Your maximum health is greatly increased.
Your equipment is partially melded.
You are immune to sickness and miasma.
((Your stone body is resilient. (AC +7)))
You are immune to poison.
You resist negative energy. (rN+)
((You are resistant to electric shocks. (rElec)))
You are resistant to unholy torment.
You are immune to petrification.


Message History

Harold gestures at you while chanting. The mark upon you grows brighter.
You are too confused!
Unknown command.
Okay, then.
You cannot move. (Use ctrl+direction or * direction to attack without moving.) Unknown command.
You cannot move. (Use ctrl+direction or * direction to attack without moving.)
You swing at nothing.
Something hits you but does no damage.
The orc wizard hits you but does no damage.
Harold zaps a wand.
The bolt of acid hits you!
* * * LOW HITPOINT WARNING * * *
It was a potion of berserk rage.
A red film seems to cover your vision as you go berserk!
You feel yourself moving faster!
You feel mighty!
You hear some strange, mumbled words.
A puff of flame appears from out of thin air!
The puff of flame hits you. You resist.
* * * LOW HITPOINT WARNING * * *
The orc wizard zaps a wand.
The puff of flame hits you but does no damage.
Harold hits you but does no damage.
You cannot move. (Use ctrl+direction or * direction to attack without moving.)
You miss something. Something completely misses you.
You barely miss something.
The orc wizard hits you but does no damage.
Harold hits you with a +2 flail of protection!
* * * LOW HITPOINT WARNING * * *
You hit Harold.
Harold is moderately wounded.
You hear some strange, mumbled words.
A magic dart appears from out of thin air!
The magic dart hits you but does no damage.
You nearly hit yourself!
The orc wizard mumbles some strange words.
The orc wizard flickers and vanishes!
Harold hits you with a +2 flail of protection!
* * * LOW HITPOINT WARNING * * *
Something hits you but does no damage.
You are electrocuted!
You die...

#......##... ...
##......##... #..
##......).###. #..
#.........###. #..
####..###....##. # #..
#.....####..####
#.#.#..##............###
.)....{@................
.#.#..♣{...............
........).>#############
..#.#####)## .. #†)# ..
#.## #.# ..# #..# #..#


You could see Harold.

Vanquished Creatures
  Prince Ribbit (D:5)
  A wyvern (D:8)
  3 steam dragons
  3 water moccasins
  Pargi (Sewer)
  An ice beast (D:6)
  A hornet zombie (D:6)
  A black bear (D:4)
  An ogre (D:5)
  2 centaurs
  3 phantoms
  A kobold brigand (D:7)
  A gnoll sergeant (D:7)
  2 wyvern zombies
  4 bullfrogs
  A scorpion (D:4)
  A wyvern skeleton (D:5)
  4 howler monkeys
  A bullfrog zombie (D:6)
  A bullfrog skeleton (D:6)
  A centaur zombie (D:8)
  2 hounds
  2 jellies
  4 orc priests
  2 centaur skeletons
  2 iguanas (D:6)
  13 orc wizards
  A howler monkey skeleton (D:7)
  Robin (D:2)
  16 gnolls
  7 adders
  A white imp (D:8)
  An ufetubus (D:6)
  4 worms
  A dart slug (D:1)
  19 orcs
  5 endoplasms
  8 giant cockroaches
  9 goblins
  12 hobgoblins
  3 jackals (D:4)
  7 quokkas
  5 ball pythons
  3 bats
  7 frilled lizards
  8 kobolds
  21 rats
199 creatures vanquished.

Vanquished Creatures (collateral kills)
  A gnoll shaman (D:4)
1 creature vanquished.

Vanquished Creatures (others)
  2 orcs (D:4)
  6 plants (D:5)
8 creatures vanquished.

Grand Total: 208 creatures vanquished

Notes
Turn   | Place    | Note
-------+----------+-------------------------------------------
     0 | D:1      | olmar the Gargoyle Fighter began the quest for the Orb.
     0 | D:1      | Reached XP level 1. HP: 14/14 MP: 1/1
   229 | D:1      | Reached XP level 2. HP: 19/19 MP: 2/2
   286 | D:1      | Found Zuur's Weapon Emporium.
  1227 | D:2      | Reached XP level 3. HP: 12/23 MP: 3/3
  1618 | D:2      | Found a faded altar of an unknown god.
  1845 | D:2      | Noticed Robin
  2352 | D:2      | Killed Robin
  2353 | D:2      | Reached skill level 3 in Maces & Flails
  2353 | D:2      | Reached XP level 4. HP: 22/28 MP: 4/4
  2982 | D:3      | Reached XP level 5. HP: 18/33 MP: 5/5
  3645 | D:3      | Reached skill level 4 in Maces & Flails
  4188 | D:4      | Noticed a black bear
  4197 | D:4      | Killed a black bear
  4198 | D:4      | Reached XP level 6. HP: 34/38 MP: 6/6
  4331 | D:4      | Reached skill level 5 in Maces & Flails
  4368 | D:4      | Reached skill level 5 in Armour
  4368 | D:4      | Reached XP level 7. HP: 30/43 MP: 7/7
  4622 | D:4      | Noticed a steam dragon
  4638 | D:4      | Killed a steam dragon
  4864 | D:4      | Reached skill level 6 in Maces & Flails
  4883 | D:4      | Reached XP level 8. HP: 13/48 MP: 8/8
  5147 | D:4      | Reached skill level 5 in Fighting
  5430 | D:5      | Entered Level 5 of the Dungeon
  5722 | D:5      | Identified a scroll of acquirement
  5722 | D:5      | Acquired the +1 cloak of the Shining Light {Regen+}
  5862 | D:5      | Reached skill level 7 in Maces & Flails
  5908 | D:5      | Noticed Prince Ribbit
  6266 | D:5      | Reached skill level 5 in Shields
  6379 | D:5      | Killed Prince Ribbit
  6877 | D:6      | Reached skill level 8 in Maces & Flails
  6891 | D:6      | Reached XP level 9. HP: 55/55 MP: 9/9
  6978 | D:6      | Found a glowing drain.
  7002 | Sewer    | Entered a sewer
  7073 | Sewer    | Noticed Pargi
  7080 | Sewer    | Killed Pargi
  7336 | D:6      | Found a staircase to the Ecumenical Temple.
  7449 | Temple   | Entered the Ecumenical Temple
  7799 | D:6      | Reached skill level 9 in Maces & Flails
  8154 | Temple   | Became a worshipper of Warmaster Okawaru
  8797 | D:8      | Reached * piety under Okawaru
  8798 | D:8      | Reached skill level 10 in Maces & Flails
  8808 | D:8      | Reached XP level 10. HP: 61/61 MP: 10/10
  8897 | D:8      | Noticed Harold
  9092 | D:8      | HP: 1/136 [Harold (10)]
  9092 | D:8      | Mangled by an orc wizard

Illustrated notes

Levels and vault maps discovered:
D:1:      scummos_arrival_forest, layout_basic, serial_shops,
          nicolae_shop_bloodbath_and_beyond, minivault_5,
          minmay_misc_feat_square
D:2:      layout_rooms, shapermc_ecumenical_altar_mp_highgroup, uniq_robin
D:3:      layout_basic, minmay_rat_hole
D:4:      layout_basic, hex_intersection, st_stairs_3
D:5:      layout_loops_ring, serial_bayou_ford_a, uniq_prince_ribbit1
D:6:      layout_basic, minmay_temple_entry_proselytizer, gup_sewer_entry_glass
D:7:      layout_loops_cross
D:8:      minmay_flawed_box, layout_basic, minmay_fractal_squares_gapless_5,
          uniq_harold
Temple:   minmay_crystal_snake_temple

Skill      XL: |  1  2  3  4  5  6  7  8  9 10 |
---------------+-------------------------------+-----
Maces & Flails | 3 4 5 6 8 10 | 10.3
Shields        | 4 5 6 |  6.0
Armour         | 4 5 6 8 |  8.3
Fighting       | 4 5 6 |  6.9
Throwing       | |  0.6

Action                   |  1- 3 |  4- 6 |  7- 9 | 10-12 || total
-------------------------+-------+-------+-------+-------++-------
Melee: Flail             |   136 |   229 |   361 |    76 ||   802
Throw: Throwing net      |       |       |     3 |       ||     3
Evoke: Wand              |       |     1 |    12 |     1 ||    14
  Use: Scroll            |       |     6 |     6 |     2 ||    14
       Potion            |       |     2 |     3 |     6 ||    11
 Stab: Distracted        |       |     1 |     1 |       ||     2
Armor: Scale mail        |     7 |       |       |       ||     7
       Plate armour      |    85 |   164 |   276 |    63 ||   588
       Chain mail        |    17 |       |       |       ||    17
       Skin              |       |       |    21 |    20 ||    41
Dodge: Dodged            |    35 |    59 |    97 |    15 ||   206
Block: Buckler           |    38 |    69 |    68 |    13 ||   188

Table legend: (Time is in decaauts)
 A = Elapsed time spent in this place.
 B = Non-inter-level travel time spent in this place.
 C = Inter-level travel time spent in this place.
 D = Time resting spent in this place.
 E = Time spent auto-exploring this place.
 F = Levels seen in this place.
 G = Mean time per level.
                   A        B        C        D        E       F      G
               +--------+--------+--------+--------+--------+-----+--------+
         Total |   9217 |   8687 |    530 |   1920 |   4974 |  10 |  921.7 |
       Dungeon |   8849 |   8371 |    478 |   1920 |   4738 |   8 | 1106.1 |
        Temple |    222 |    170 |     52 |      0 |    144 |   1 |  222.0 |
         Sewer |    145 |    145 |      0 |      0 |     92 |   1 |  145.0 |
               +--------+--------+--------+--------+--------+-----+--------+

Top non-repeatable levels by time:
     D:4: 1551 daAuts
     D:1: 1515 daAuts
     D:3: 1363 daAuts
     D:2: 1354 daAuts
     D:5: 1029 daAuts
     D:6: 978 daAuts
     D:7: 642 daAuts
     D:8: 416 daAuts
  Temple: 222 daAuts
   Sewer: 145 daAuts
